 Dungeon Crawl Stone Soup version 0.28-a0-1447-ga5a8893891 (webtiles) character file.

Game seed: 8510803863665463205

37 HallandMoats the Sneak (level 3, -1/31 HPs)
             Began as a Ghoul Brigand on Jan 12, 2022.
             Was a Follower of Nemelex Xobeh.
             Slain by a ball python (2 damage)
             ... on level 2 of the Dungeon.
             The game lasted 00:01:11 (1620 turns).

HallandMoats the Sneak (Ghoul Brigand)              Turns: 1620, Time: 00:01:12

Health: -1/31      AC:  3    Str: 16    XL:     3   Next: 41%
Magic:  2/2        EV:  8    Int:  6    God:    Nemelex Xobeh [*.....]
Gold:   45         SH:  0    Dex: 10    Spells: 2/2 levels left

rFire   . . .      SeeInvis .   a - +2 dagger
rCold   + . .      Faith    .   (no shield)
rNeg    + + +      Spirit   .   b - +0 robe
rPois   ∞          Reflect  .   (no helmet)
rElec   .          Harm     .   c - +0 cloak
rCorr   .          Rampage  .   (no gloves)
Will    .....                   (no boots)
Stlth   ++........              (no amulet)
HPRegen 0.00/turn               (no ring)
MPRegen 0.08/turn               (no ring)

@: inhibited regen, constricted
A: claws 1, cold resistance 1, negative energy resistance 3, inhibited
regeneration, torment resistance 2
a: Renounce Religion, Draw Escape, Draw Destruction, Draw Summoning


You were on level 2 of the Dungeon.
You worshipped Nemelex Xobeh.
Nemelex Xobeh was aware of your devotion.
You visited 1 branch of the dungeon, and saw 2 of its levels.

You collected 45 gold pieces.

Inventory:

Hand Weapons
 a - a +2 dagger (weapon)
Missiles
 d - 31 poisoned darts (quivered)
 e - 2 curare-tipped darts
Armour
 b - a +0 robe (worn)
 c - a +0 cloak (worn)
Scrolls
 k - a scroll of immolation {unknown}
 m - 3 scrolls of amnesia {unknown}
 o - a scroll of blinking {unknown}
 p - 2 scrolls of identify {unknown}
 q - a scroll of teleportation {unknown}
Potions
 f - a potion of attraction {unknown}
 g - a potion of brilliance {unknown}
 h - a potion of magic {unknown}
 i - a potion of berserk rage {unknown}
 j - a potion of mutation {unknown}
 l - 2 potions of curing {unknown}
 n - a potion of resistance {unknown}


   Skills:
 * Level 3.0 Fighting
 * Level 2.3 Short Blades
 - Level 1.7 Throwing
 + Level 0.9 Armour
 + Level 1.3 Dodging
 - Level 4.3 Stealth


You had 2 spell levels left.
You didn't know any spells.
Your spell library contained the following spells:

 Spells                   Type           Power      Damage    Failure   Level
 Scorch                   Fire           0%         2d5       58%         2
 Flame Wave               Conj/Fire      0%         2d4       99%         4
 Summon Cactus Giant      Summ           0%         N/A       100%        6


Dungeon Overview and Level Annotations

Branches:
Dungeon (2/15)

Altars:
Nemelex Xobeh


Innate Abilities, Weirdness & Mutations

You thrive by killing the living.
You are immune to poison.
You have sharp fingernails.
Your flesh is cold resistant. (rC+)
You are immune to negative energy. (rN+++)
You do not regenerate when monsters are visible.
You are immune to unholy pain and torment.


Message History

The ball python closely misses you. The ball python constricts you.
The ball python closely misses you. The ball python constricts you.
The ball python bites you. The ball python constricts you.
The ball python closely misses you. The ball python constricts you.
The ball python misses you. The ball python constricts you.
The ball python bites you but does no damage.
The ball python constricts you. The ball python barely misses you.
The ball python constricts you. The ball python barely misses you.
The ball python constricts you. The ball python barely misses you.
The ball python constricts you.
The ball python bites you but does no damage.
The ball python constricts you. The ball python barely misses you.
The ball python constricts you. The ball python bites you.
The ball python constricts you.
The ball python bites you but does no damage.
The ball python constricts you. The ball python bites you.
The ball python constricts you. The ball python closely misses you.
The ball python constricts you.
The ball python bites you but does no damage.
The ball python constricts you. The ball python bites you.
* * * LOW HITPOINT WARNING * * *
The ball python constricts you.
* * * LOW HITPOINT WARNING * * *
The ball python bites you.
* * * LOW HITPOINT WARNING * * *
The ball python constricts you.
* * * LOW HITPOINT WARNING * * *
The ball python barely misses you. The ball python constricts you.
* * * LOW HITPOINT WARNING * * *
The ball python bites you but does no damage.
The ball python constricts you.
* * * LOW HITPOINT WARNING * * *
The ball python bites you.
* * * LOW HITPOINT WARNING * * *
The ball python constricts you.
* * * LOW HITPOINT WARNING * * *
The ball python closely misses you. The ball python constricts you.
The ball python bites you.
You die...
Your body disappears without a glow.

#.# #.# #...# #.###.#.
#.#
#.#####...###.###.#.
#.#
#.............#.....
#.#
##########...#####.####
#.#
#............#####.#
##.##
#......####.<.>....#
#...# ######.#
#.######.# ###.#.# #.#
#.# #.#### #.....# #@#
#.## #..... #.##### #S#
#..# ###### #.# #.#
##.# #.# #.# #.# #.#
#.# #.# #.# #.# #.# #.#
#.# #.# #.# ..# #.# #.#
#.#


You could see a ball python.

Vanquished Creatures
  A worm (D:2)
  A dart slug (D:1)
  4 ball pythons (D:1)
  An endoplasm (D:2)
  A giant cockroach (D:1)
  3 goblins
  7 hobgoblins
  A kobold (D:1)
  2 quokkas
  4 bats
  A frilled lizard (D:2)
  3 rats
29 creatures vanquished.

Notes
Turn   | Place    | Note
-------+----------+-------------------------------------------
     0 | D:1      | HallandMoats the Ghoul Brigand began the quest for the Orb.
     0 | D:1      | Reached XP level 1. HP: 17/17 MP: 0/0
    51 | D:1      | Reached skill level 1 in Dodging
   251 | D:1      | Reached XP level 2. HP: 25/25 MP: 1/1
  1096 | D:2      | Reached XP level 3. HP: 30/30 MP: 2/2
  1124 | D:2      | Found a faded altar of an unknown god.
  1439 | D:2      | Prayed at the altar of an unknown god.
  1439 | D:2      | Became a worshipper of Nemelex Xobeh the Trickster
  1439 | D:2      | Reached * piety under Nemelex Xobeh
  1439 | D:2      | Received a gift from Nemelex Xobeh
  1619 | D:2      | HP: 1/31 [constriction (1)]
  1620 | D:2      | Slain by a ball python

Illustrated notes

Levels and vault maps discovered:
D:1:      dpeg_arrival_lava_temple_mockup, layout_loops_ring
D:2:      layout_loops_ring, chequers_ecumenical_altar_island

Skill      XL: |  1  2  3 |
---------------+----------+-----
Dodging        | 1 |  1.3
Short Blades   | 2 |  2.3
Fighting       | 3 |  3.0
Throwing       | |  1.7
Armour         | |  0.9
Stealth        | |  4.3

Action                   || total
-------------------------++-------
Melee: Dagger            ||    67
 Stab: Sleeping          ||     6
Armor: Robe              ||    20
Dodge: Dodged            ||    44

Table legend: (Time is in decaauts)
 A = Elapsed time spent in this place.
 B = Non-inter-level travel time spent in this place.
 C = Inter-level travel time spent in this place.
 D = Time resting spent in this place.
 E = Time spent auto-exploring this place.
 F = Levels seen in this place.
 G = Mean time per level.
                   A        B        C        D        E       F      G
               +--------+--------+--------+--------+--------+-----+--------+
         Total |   1618 |   1521 |     97 |      0 |   1284 |   2 |  809.0 |
       Dungeon |   1618 |   1521 |     97 |      0 |   1284 |   2 |  809.0 |
               +--------+--------+--------+--------+--------+-----+--------+

Top non-repeatable levels by time:
     D:1: 1020 daAuts
     D:2: 597 daAuts
